 Dungeon Sprint DCSS version 0.31-a0-7-g51783674b7 (webtiles) character file.

Game seed: 13594366400953368680

115 sircluck the Cleaver (level 5, -2/50 (52) HPs)
             Began as a Hill Orc Berserker on May 5, 2023.
             Was a Priest of Trog.
             Killed from afar by a necromancer (19 damage)
             ... with a bolt of negative energy
             ... in the Dungeon (Sprint III: "The Ten Rune Challenge").
             The game lasted 00:00:40 (332 turns).

sircluck the Cleaver (Hill Orc Berserker)            Turns: 332, Time: 00:00:41

HP:   -2/50 (52)    AC:  2    Str: 22    XL:     5   Next: 0%
MP:   5/5           EV: 12    Int:  7    God:    Trog [***...]
Gold: 25            SH:  0    Dex: 10    Spells: 4/4 levels left

rFire   . . .        a - +0 hand axe
rCold   . . .        (no shield)
rNeg    . . .        b - +0 animal skin
rPois   .            (no helmet)
rElec   .            (no cloak)
rCorr   .            (no gloves)
SInv    .            (no boots)
Will    .....        (no amulet)
Stlth   +            (no ring)
HPRegen 0.28/turn    (no ring)
MPRegen 0.09/turn

%: no teleportation
@: lightly drained
A: no striking features
a: Renounce Religion, Berserk, Trog's Hand


You were in the Dungeon.
You worshipped Trog.
Trog was most pleased with you.
You visited 1 branch You collected 25 gold pieces.

Inventory:

Hand Weapons
 a - a +0 hand axe (weapon)
Armour
 b - a +0 animal skin (worn)
Scrolls
 h - a scroll of blinking
 i - 3 scrolls of identify {unknown}
 j - a scroll of poison {unknown}
 l - a scroll of immolation {unknown}
Potions
 c - a potion of curing
 d - 2 potions of heal wounds
 e - a potion of haste
 f - 2 potions of magic
 g - a potion of berserk rage
 k - a potion of flight {unknown}


   Skills:
 + Level 7.4 Fighting
 + Level 8.9 Axes
 + Level 3.8 Armour
 + Level 3.0 Dodging
 + Level 1.1 Stealth


You had 4 spell levels left.
You didn't know any spells.
Your spell library was empty.

Dungeon Overview and Level Annotations

Branches:
Dungeon (1/1)

Altars:
Dithmenos
Elyvilon
Ru
Yredelemnul
Zin
The Shining One


Message History

You hit the necromancer. The necromancer closely misses you.
The necrophage barely misses you.
You closely miss the necrophage.
The necrophage is heavily damaged.
You barely miss the necromancer. The necromancer closely misses you.
The necrophage closely misses you.
You hit the necrophage but do no damage.
The necrophage is heavily damaged.
You hit the necromancer. You hit the necrophage.
The necrophage is heavily damaged.
You barely miss the necromancer.
The necromancer hits you with a +1 dagger of protection.
The necrophage completely misses you.
You barely miss the necrophage.
The necrophage is heavily damaged.
You hit the necromancer but do no damage.
The necromancer hits you with a +1 dagger of protection!
The necrophage closely misses you.
You closely miss the necrophage.
The necrophage is heavily damaged.
You hit the necromancer but do no damage.
The necromancer gestures at you while chanting.
Your body is wracked with pain!
The necrophage closely misses you.
You hit the necrophage but do no damage.
The necrophage is heavily damaged.
You hit the necromancer but do no damage.
The necromancer gestures at you while chanting.
You resist with significant effort. The necrophage misses you.
You hit the necrophage.
The necrophage is severely damaged.
You closely miss the necromancer. The necrophage completely misses you.
The necromancer casts a spell.
The necromancer binds the souls of nearby monsters.
You barely miss the necrophage.
The necrophage is severely damaged.
You hit the necromancer. The necrophage barely misses you.
The necromancer points at you and mumbles some strange words.
The bolt of negative energy hits you!!
You feel drained.
You die...

▓ ▓▓▓ ♣ ♣.#####
#### ♣ ♣♣.#___#
#__# ♣♣♣ ♣..# ..#
#np#
~.♣♣♣..###+#+###@##
~♣..♣♣.#..........#
~~♣♣.♣.'.⌠........#
≈~~~♣..#...######+#
~~~....#.⌠.#
~~.....#...#
.÷.....#+###
.......# .......#


You could see a necromancer and a necrophage.

Vanquished Creatures
  A water elemental (D)
  Jessica (D)
  A human (D)
  A wolf (D)
  An endoplasm (D)
  2 rats (D)
7 creatures vanquished.

Notes
Turn   | Place    | Note
-------+----------+-------------------------------------------
     0 | D        | sircluck the Hill Orc Berserker began the quest for the
                  | Orb.
     0 | D        | Reached XP level 1. HP: 19/19 MP: 1/1
    11 | D        | Noticed Jessica
    13 | D        | Reached ** piety under Trog
    16 | D        | Killed Jessica
    17 | D        | Reached skill level 5 in Fighting
    17 | D        | Reached skill level 6 in Axes
    17 | D        | Reached XP level 2. HP: 20/29 MP: 2/2
    17 | D        | Reached XP level 3. HP: 25/36 MP: 3/3
    93 | D        | Reached skill level 7 in Axes
   105 | D        | Reached XP level 4. HP: 6/45 MP: 4/4
   251 | D        | Noticed a water elemental
   256 | D        | Killed a water elemental
   256 | D        | Reached *** piety under Trog
   257 | D        | Reached skill level 8 in Axes
   257 | D        | Reached skill level 1 in Stealth
   257 | D        | Reached XP level 5. HP: 52/52 MP: 5/5
   313 | D        | Found a glowing silver altar of Zin.
   313 | D        | Found a glowing golden altar of the Shining One.
   313 | D        | Found a white marble altar of Elyvilon.
   321 | D        | Found a basalt altar of Yredelemnul.
   321 | D        | Found a shadowy altar of Dithmenos.
   321 | D        | Found a sacrificial altar of Ru.
   332 | D        | Killed from afar by a necromancer

Illustrated notes

Levels and vault maps discovered:
D:        dungeon_sprint_mu [sprint_mu_entry_forest, sprint_mu_temple_rooms,
          sprint_mu_d1_horrors, sprint_mu_d2_genie, sprint_mu_d3_branching,
          sprint_mu_orc_legion, sprint_mu_elf_gauntlet, sprint_mu_hive_nellie,
          sprint_mu_lair_fedhas, sprint_mu_vaults_butterflies,
          sprint_mu_slime_circle, sprint_mu_swamp_cave, sprint_mu_shoals_kraken,
          sprint_mu_blade_basic, sprint_mu_crypt_lich, sprint_mu_tomb_spiral,
          sprint_mu_vestibule_basic, sprint_mu_gehenna_hellfire,
          sprint_mu_dis_giant, sprint_mu_tartarus_statrot,
          sprint_mu_cocytus_islands, sprint_mu_zot1]

Skill      XL: |  1  2  3  4 |
---------------+-------------+-----
Fighting       | 5 6 7 |  7.4
Axes           | 6 7 8 |  8.9
Armour         | 3 |  3.8
Dodging        | 2 3 |  3.0
Stealth        | 1 |  1.1

Action                     |  1- 3 |  4- 6 || total
---------------------------+-------+-------++-------
  Melee: Hand axe          |    28 |    14 ||    42
         Punch             |     1 |       ||     1
 Invoke: Berserk           |     1 |     1 ||     2
   Stab: Sleeping          |     1 |       ||     1
 Armour: Animal skin       |     1 |       ||     1
  Dodge: Dodged            |    12 |    11 ||    23

Table legend: (Time is in decaauts)
 A = Elapsed time spent in this place.
 B = Non-inter-level travel time spent in this place.
 C = Inter-level travel time spent in this place.
 D = Time resting spent in this place.
 E = Time spent auto-exploring this place.
 F = Levels seen in this place.
 G = Mean time per level.
                   A        B        C        D        E       F      G
               +--------+--------+--------+--------+--------+-----+--------+
         Total |    347 |    330 |     17 |    150 |    109 |   1 |  347.0 |
       Dungeon |    347 |    330 |     17 |    150 |    109 |   1 |  347.0 |
               +--------+--------+--------+--------+--------+-----+--------+

Top non-repeatable levels by time:
       D: 347 daAuts
